 Dungeon Crawl Stone Soup version 0.30-a0-166-g5d06c95188 (webtiles) character file.

Game seed: 7811411275983658609

272 qw the Chopper (level 6, -4/38 HPs)
             Began as a Gargoyle Fighter on Sept 28, 2022.
             Slain by an ogre
             ... wielding a +0 giant spiked club
              (13 damage)
             ... on level 4 of the Dungeon.
             The game lasted 00:00:55 (2576 turns).

qw the Chopper (Gargoyle Fighter)                   Turns: 2576, Time: 00:00:55

Health: -4/38      AC: 16    Str: 22    XL:     6   Next: 23%
Magic:  6/6        EV:  7    Int:  8    God:
Gold:   163        SH:  4    Dex:  9    Spells: 5/5 levels left

rFire   . . .      SeeInvis .    Y - +0 war axe
rCold   . . .      Faith    .    c - +0 buckler
rNeg    + . .      Spirit   .    f - +0 chain mail
rPois   inf        Reflect  .    (no helmet)
rElec   +          Harm     .    (no cloak)
rCorr   .          Rampage  .    l - +2 pair of gloves
Will    .....                    (no boots)
Stlth   ..........               k - amulet of regeneration
HPRegen 0.92/turn                (no ring)
MPRegen 0.10/turn                (no ring)

@: no status effects
A: sickness immunity, AC +4, negative energy resistance 1, electricity
resistance, torment resistance 1, petrification resistance
a: no special abilities


You were on level 4 of the Dungeon.
You visited 1 branch of the dungeon, and saw 4 of its levels.

You collected 163 gold pieces.


Innate Abilities, Weirdness & Mutations

You are immune to sickness and miasma.
Your stone body is resilient. (AC +4)
You are immune to poison.
You resist negative energy. (rN+)
You are resistant to electric shocks. (rElec)
You are resistant to unholy torment.
You are immune to petrification.


   Skills:
 - Level 4.1 Fighting
 + Level 5.0 Axes
 - Level 1.5 Throwing
 - Level 3.2 Armour
 - Level 3.2 Shields


You had 5 spell levels left.
You didn't know any spells.
Your spell library was empty.

Inventory:

Hand Weapons
 h - a +0 whip of venom
 Y - a +0 war axe (weapon)
Missiles
 e - 4 javelins (quivered)
 n - 2 boomerangs
Armour
 c - a +0 buckler (worn)
 f - a +0 chain mail (worn)
 l - a +2 pair of gloves (worn)
Jewellery
 a - a ring of fire
 k - an amulet of regeneration (around neck)
Scrolls
 g - a scroll of identify
Potions
 d - 3 potions of might
 i - a potion of cancellation
 j - a potion of flight {unknown}
 m - a potion of heal wounds {unknown}

Dungeon Overview and Level Annotations

Branches:
Dungeon (4/15)
 Temple: D:4-7

Altars:
Ashenzari

Shops:
D:2 (

Annotations:
D:3 3 runed translucent doors, qw's ghost, amateur GrFi


Message History

There is a stone staircase leading down here.
Enter note:
Enter note:
Enter note: You barely miss the adder.
The adder barely misses you. x2
You barely miss the adder. The adder barely misses you.
You closely miss the adder. The adder closely misses you.
The adder completely misses you.
You slash the adder!
The adder is severely wounded.
The adder bites you but does no damage. You block the adder's attack.
You closely miss the adder.
The adder is severely wounded.
The adder bites you but does no damage.
You miss the adder.
The adder is severely wounded.
The adder bites you but does no damage. x2
You slash the adder!
You kill the adder!
There is an open door here.
Could not explore, unopened runed door.
(D) Dungeon
Where to? (* - list waypoints, Enter - D:4, ? - help)
What level of the Dungeon? (default 1, ? - help)
There is an open door here.
There is a stone staircase leading down here.
You climb downwards.
The ogre hits you with a +0 giant spiked club!
There is a stone staircase leading up here.
You hit the ogre.
The ogre is moderately wounded.
The ogre hits you with a +0 giant spiked club!!
Ouch! That really hurt!
You hit the ogre.
The ogre is moderately wounded.
A ball python comes into view.
The ogre hits you with a +0 giant spiked club!
You die...

##..#####
S......@#
..>....O#
........#
!.......#
.........
........#
.........
........#


You could see an ogre and a ball python (wandering).

Vanquished Creatures
  Pargi (D:3)
  Ijyb (D:3)
  An orc priest (D:3)
  Terence (D:3)
  4 adders
  3 dart slugs
  3 orcs (D:3)
  3 bats
  7 endoplasms
  A giant cockroach (D:2)
  6 goblins
  5 hobgoblins
  3 kobolds (D:1)
  2 quokkas
  9 ball pythons
  2 frilled lizards
  5 rats
57 creatures vanquished.

Notes
Turn   | Place    | Note
-------+----------+-------------------------------------------
     0 | D:1      | qw the Gargoyle Fighter began the quest for the Orb.
     0 | D:1      | Reached XP level 1. HP: 14/14 MP: 1/1
     0 | D:1      | 0 ||| qw: Version: 0.2-a-12-gaebbb33
     0 | D:1      | 0 ||| qw: Game counter: 973
     0 | D:1      | 0 ||| qw: Always use a shield: true
     0 | D:1      | 0 ||| qw: God list: Okawaru
     0 | D:1      | 0 ||| qw: Allow faded altars: false
     0 | D:1      | 0 ||| qw: Do Orc after D:15 true
     0 | D:1      | 0 ||| qw: Do second Lair branch before Depths: true
     0 | D:1      | 0 ||| qw: Lair rune preference: random
     0 | D:1      | 0 ||| qw: Plans: Normal, Zot:1-4, God:TSO, Crypt, Tomb,
                  | Pan, Slime:5, Hells, Abyss, Orb
     0 | D:1      | 0 ||| PLANNING D:1-11
    41 | D:1      | Reached skill level 2 in Axes
   155 | D:1      | Reached XP level 2. HP: 19/19 MP: 2/2
   622 | D:1      | 622 ||| UPGRADING to +2 pair of gloves.
   627 | D:1      | 627 ||| UPGRADING to amulet of regeneration.
   632 | D:1      | 632 ||| READING scroll labelled UVYCKE RAGGUIWK.
   637 | D:1      | 637 ||| READING scroll labelled COASME FIKHLAWE.
   641 | D:1      | 641 ||| READING scroll labelled GOAMME ZOCKE.
   742 | D:1      | 742 ||| READING scroll labelled NOTUIRAOCEMM.
   743 | D:1      | 743 ||| DRINKING 2 puce potions.
   744 | D:1      | 744 ||| DROPPING potion of brilliance.
   793 | D:2      | Reached skill level 3 in Axes
   793 | D:2      | Reached XP level 3. HP: 23/23 MP: 3/3
   802 | D:2      | 802 ||| Stepping ~*~*~tactically~*~*~ (stealth).
   820 | D:2      | Found a broken altar of Ashenzari.
   865 | D:2      | Reached XP level 4. HP: 28/28 MP: 4/4
   918 | D:2      | 918 ||| DROPPING +0 club.
  1044 | D:2      | Found Poxzec's Weapon Boutique.
  1064 | D:2      | 1064 ||| SHOPLISTING +2 antimagic morningstar (288 gold,
                  | have 73).
  1064 | D:2      | 1064 ||| SHOPLISTING +3 whip of Precise Incision {freeze,
                  | rC+++ Will+++ Str-4 Int-3} (897 gold, have 73).
  1134 | D:2      | 1134 ||| DROPPING +0 whip.
  1157 | D:2      | 1157 ||| Stepping ~*~*~tactically~*~*~ (stealth).
  1257 | D:2      | 1257 ||| DROPPING scarf of invisibility.
  1258 | D:2      | 1258 ||| READING 2 scrolls of identify.
  1258 | D:2      | 1258 ||| IDENTIFYING murky golden potion
  1259 | D:2      | 1259 ||| DROPPING potion of degeneration.
  1296 | D:3      | Noticed Terence
  1303 | D:3      | Killed Terence
  1304 | D:3      | Reached skill level 1 in Throwing
  1382 | D:3      | 1382 ||| Stepping ~*~*~tactically~*~*~ (hiding).
  1414 | D:3      | Found a runed translucent gate.
  1414 | D:3      | Found a runed translucent gate.
  1414 | D:3      | Found a runed translucent gate.
  1561 | D:3      | Found a faded altar of an unknown god.
  1633 | D:3      | Reached skill level 4 in Axes
  1928 | D:3      | Noticed Pargi
  1959 | D:3      | HP: 7/28 [Pargi (1)]
  1960 | D:3      | 1960 ||| READING scroll of teleportation.
  2034 | D:3      | Killed Pargi
  2035 | D:3      | Reached skill level 5 in Axes
  2035 | D:3      | Reached XP level 5. HP: 30/32 MP: 5/5
  2048 | D:3      | Noticed qw's ghost (amateur GrFi)
  2101 | D:3      | Noticed Ijyb
  2127 | D:3      | Killed Ijyb
  2128 | D:3      | Reached XP level 6. HP: 27/38 MP: 6/6
  2184 | D:3      | 2184 ||| Stepping ~*~*~tactically~*~*~ (stealth).
  2186 | D:3      | 2186 ||| Stepping ~*~*~tactically~*~*~ (stealth).
  2197 | D:3      | 2197 ||| Stepping ~*~*~tactically~*~*~ (hiding).
  2483 | D:3      | 2483 ||| UPGRADING to +0 chain mail.
  2493 | D:3      | 2493 ||| DROPPING +0 scale mail.
  2494 | D:3      | 2494 ||| READING 2 scrolls of identify.
  2494 | D:3      | 2494 ||| IDENTIFYING bubbling emerald potion
  2522 | D:4      | 2522 ||| STAIRDANCE
  2575 | D:4      | HP: 8/38 [ogre/+0 giant spiked club (19)]
  2576 | D:4      | Slain by an ogre

Levels and vault maps discovered:
D:1:      amcnicky_arrival_double_pillar, layout_loops_ring
D:2:      layout_rooms, serial_shops, nicolae_shop_bloodbath_and_beyond,
          basic_altar, hex_intersection
D:3:      layout_loops_corners, gammafunk_ghost_icy,
          ebering_ecumenical_altar_ruins, uniq_pargi, uniq_terence, uniq_ijyb
D:4:      layout_loops_ring, grunt_decor_arrowhead, nrook_campfire,
          dk_rats_in_the_wall

Skill      XL: |  1  2  3  4  5  6 |
---------------+-------------------+-----
Axes           | 2 3 5 |  5.0
Throwing       | 1 |  1.5
Fighting       | 4 |  4.1
Armour         | |  3.2
Shields        | |  3.2

Action                   |  1- 3 |  4- 6 || total
-------------------------+-------+-------++-------
Melee: War axe           |    56 |   110 ||   166
Throw: Boomerang         |    32 |     4 ||    36
       Javelin           |       |    29 ||    29
  Use: Scroll            |     4 |     3 ||     7
       Potion            |     1 |       ||     1
Armor: Scale mail        |    27 |   100 ||   127
       Chain mail        |       |     5 ||     5
Dodge: Dodged            |    25 |    71 ||    96
Block: Buckler           |     9 |    22 ||    31

Table legend:
 A = Non-vault XP
 B = Vault XP
 C = Vault XP percentage of total XP
 D = Non-vault monster count
 E = Vault monster count
 F = Vault count percentage of total count
                 A         B        C        D         E       F
            +---------+---------+-------+---------+---------+-------
      Total |     181 |     208 |  53.5 |      54 |       3 |   5.3
            +---------+---------+-------+---------+---------+-------
        D:1 |      27 |       0 |   0.0 |      15 |       0 |   0.0
        D:2 |      69 |       0 |   0.0 |      20 |       0 |   0.0
        D:3 |      85 |     208 |  71.0 |      19 |       3 |  13.6
            +---------+---------+-------+---------+---------+-------
